| TOP OF THE 1ST |
|
Eugene Emeralds batting - Pitching for Los Angeles (NYP) Dodgers : LHP William Lobo
|
|
Pitching: LHP William Lobo
|
|
|
Batting: RHB Du Kim
|
0-0: Called Strike 0-1: Swinging Strike 0-2: Foul Ball, location: 2F 0-2: Strikes out swinging
|
|
Batting: RHB Eric Wiss
|
0-0: Ball 1-0: Called Strike 1-1: Ground out 6-3 (Groundball, 6, EV 84.4 MPH)
|
|
Batting: RHB Taylor Garofalo
|
0-0: Ground out 1-3 (Groundball, 34S, EV 71.9 MPH)
|
| Top of the 1st over - 0 runs, 0 hits, 0 errors, 0 left on base; Eugene 0 - Los Angeles (NYP) 0 |
| BOTTOM OF THE 1ST |
|
Los Angeles (NYP) Dodgers batting - Pitching for Eugene Emeralds : RHP Carlos Zavala
|
|
Pitching: RHP Carlos Zavala
|
|
|
Batting: RHB Nick Beggs
|
0-0: Ball 1-0: Ball 2-0: Foul Ball, location: 2F 2-1: SINGLE (Groundball, 5D, EV 109.4 MPH)
|
|
Batting: RHB Ruben Serrata
|
0-0: Ball 1-0: Ball 2-0: Called Strike Balk! Nick Beggs to second 2-1: Ball 3-1: Foul Ball, location: 2F 3-2: SINGLE (Line Drive, 6D, EV 95.0 MPH) Nick Beggs to third Runner from 3rd tries for Home, SAFE, throw by LF to home
|
|
Batting: SHB Justin Toth
|
0-0: Ball 1-0: Ball 2-0: Ball 3-0: Base on Balls Ruben Serrata to second
|
|
Batting: LHB Tony Morales
|
0-0: Ball 1-0: Ball 2-0: Called Strike 2-1: Ball 3-1: Base on Balls Ruben Serrata to third Justin Toth to second
|
|
Batting: LHB Robin More
|
0-0: Ball 1-0: Ball 2-0: Foul Ball, location: 2F 2-1: Ball 3-1: Foul Ball, location: 2F 3-2: SINGLE (Line Drive, 89S, EV 105.0 MPH) Ruben Serrata scores Justin Toth to third Tony Morales to second Runner from 3rd tries for Home, throw by RF and OUT! 9-2
|
|
Batting: RHB Shinji Aizawa
|
0-0: Ball 1-0: Called Strike 1-1: Foul Ball, location: 2F 1-2: Ball 2-2: Fielders Choice at 2nd, 3-6 (Groundball, 34, EV 88.1 MPH) Tony Morales to third
|
|
Batting: RHB Daniel Samano
|
0-0: Ball Wild Pitch! Tony Morales scores Shinji Aizawa to second 1-0: Called Strike 1-1: Ball 2-1: Ball 3-1: Foul Ball, location: 2F 3-2: SINGLE (Groundball, 56D, EV 94.4 MPH) Shinji Aizawa to third Runner from 3rd tries for Home, SAFE, throw by LF to home
|
|
Batting: LHB Jose Mojica
|
0-0: Ball 1-0: Called Strike 1-1: Ball 2-1: Ball Daniel Samano is caught stealing 2nd base 2-6
|
| Bottom of the 1st over - 4 runs, 4 hits, 0 errors, 0 left on base; Eugene 0 - Los Angeles (NYP) 4 |
| TOP OF THE 2ND |
|
Eugene Emeralds batting - Pitching for Los Angeles (NYP) Dodgers : LHP William Lobo
|
|
Batting: RHB Ryan Bush
|
0-0: Foul Ball, location: 2F 0-1: Ball 1-1: Foul Ball, location: 2F 1-2: Foul Ball, location: 2F 1-2: Ball 2-2: Ball 3-2: Fly out, F4 (Popup, 34, EV 54.4 MPH)
|
|
Batting: RHB Bill Holmes
|
0-0: Fly out, F9 (Flyball, 9LS, EV 90.0 MPH)
|
|
Batting: RHB Tim Long
|
0-0: Called Strike 0-1: Swinging Strike 0-2: Foul Ball, location: 2F 0-2: Ball 1-2: Fly out, F8 (Line Drive, 78M, EV 87.5 MPH)
|
| Top of the 2nd over - 0 runs, 0 hits, 0 errors, 0 left on base; Eugene 0 - Los Angeles (NYP) 4 |
| BOTTOM OF THE 2ND |
|
Los Angeles (NYP) Dodgers batting - Pitching for Eugene Emeralds : RHP Carlos Zavala
|
|
Batting: LHB Jose Mojica
|
0-0: Called Strike 0-1: Called Strike 0-2: Ball 1-2: Ball 2-2: Ball 3-2: Base on Balls
|
|
Batting: RHB Jonathan Underhill
|
0-0: Ball 1-0: Called Strike 1-1: Ball 2-1: Ball 3-1: Called Strike Jose Mojica is caught stealing 2nd base 2-4 3-2: Fly out, F6 (Popup, 6, EV 70.0 MPH)
|
|
Batting: RHB Nick Beggs
|
0-0: Called Strike 0-1: Hit by Pitch
|
|
Batting: RHB Ruben Serrata
|
0-0: Called Strike 0-1: Reached on error, E4 (Groundball, 4, EV 86.9 MPH) Nick Beggs to second
|
|
Batting: SHB Justin Toth
|
0-0: Ball 1-0: Called Strike 1-1: TRIPLE (Line Drive, 9LD, EV 101.9 MPH) Nick Beggs scores Ruben Serrata scores
|
|
Batting: LHB Tony Morales
|
0-0: Foul Ball, location: 2F 0-1: Ground out 4-3 (Groundball, 4M, EV 86.2 MPH)
|
| Bottom of the 2nd over - 2 runs, 1 hit, 1 error, 1 left on base; Eugene 0 - Los Angeles (NYP) 6 |
| TOP OF THE 3RD |
|
Eugene Emeralds batting - Pitching for Los Angeles (NYP) Dodgers : LHP William Lobo
|
|
Batting: RHB Josh Asch
|
0-0: Ball 1-0: Called Strike 1-1: Called Strike 1-2: Foul Ball, location: 2F 1-2: Strikes out looking
|
|
Batting: RHB Jerry Blas
|
0-0: Foul Ball, location: 2F 0-1: Foul Ball, location: 2F 0-2: Ball 1-2: Foul Ball, location: 2F 1-2: Foul Ball, location: 2F 1-2: Foul Ball, location: 2F 1-2: Fly out, F7 (Flyball, 7LM, EV 85.0 MPH)
|
|
Batting: RHB Alvaro Romero
|
0-0: Ball 1-0: Foul Ball, location: 2F 1-1: Ball 2-1: Foul Ball, location: 2F 2-2: Ground out 5-3 (Groundball, 56S, EV 81.9 MPH)
|
| Top of the 3rd over - 0 runs, 0 hits, 0 errors, 0 left on base; Eugene 0 - Los Angeles (NYP) 6 |
| BOTTOM OF THE 3RD |
|
Los Angeles (NYP) Dodgers batting - Pitching for Eugene Emeralds : RHP Carlos Zavala
|
|
Pitching: RHP Jonathan Ridgely
|
|
|
Batting: LHB Robin More
|
0-0: Ground out 6-3 (Groundball, 6, EV 105.6 MPH)
|
|
Batting: RHB Shinji Aizawa
|
0-0: Called Strike 0-1: Foul Ball, location: 2F 0-2: Ball 1-2: Fly out, F9 (Flyball, 89M, EV 93.8 MPH)
|
|
Batting: RHB Daniel Samano
|
0-0: Hit by Pitch
|
|
Batting: LHB Jose Mojica
|
0-0: Ball 1-0: Ball 2-0: Ball 3-0: Called Strike 3-1: Base on Balls Daniel Samano to second
|
|
Batting: RHB Jonathan Underhill
|
0-0: Ball 1-0: Ball 2-0: Ball 3-0: Called Strike 3-1: Called Strike 3-2: Foul Ball, location: 2F 3-2: Base on Balls Daniel Samano to third Jose Mojica to second
|
|
Batting: RHB Nick Beggs
|
0-0: Ball 1-0: Called Strike 1-1: Called Strike 1-2: Ball 2-2: GRAND SLAM HOME RUN (Flyball, 7D, EV 95.6 MPH), Distance : 377 ft
|
|
Batting: RHB Ruben Serrata
|
0-0: Called Strike 0-1: SOLO HOME RUN (Flyball, 7LD, EV 98.1 MPH), Distance : 362 ft
|
|
Batting: SHB Justin Toth
|
0-0: Ball 1-0: Foul Ball, location: 2F 1-1: SOLO HOME RUN (Flyball, 9D, EV 102.5 MPH), Distance : 399 ft
|
|
Batting: LHB Tony Morales
|
0-0: Ball 1-0: Fly out, F8 (Flyball, 8RD, EV 103.1 MPH)
|
| Bottom of the 3rd over - 6 runs, 3 hits, 0 errors, 0 left on base; Eugene 0 - Los Angeles (NYP) 12 |
| TOP OF THE 4TH |
|
Eugene Emeralds batting - Pitching for Los Angeles (NYP) Dodgers : LHP William Lobo
|
|
Batting: RHB Du Kim
|
0-0: Foul Ball, location: 2F 0-1: Ball 1-1: SINGLE (Line Drive, 7S, EV 95.6 MPH)
|
|
Batting: RHB Eric Wiss
|
0-0: Foul Ball, location: 2F 0-1: Ball 1-1: Ball 2-1: Fly out, F7 (Flyball, 78S, EV 85.6 MPH)
|
|
Batting: RHB Taylor Garofalo
|
0-0: Ball 1-0: Called Strike 1-1: Called Strike Du Kim is caught stealing 2nd base 2-4 1-2: Ball 2-2: Ball 3-2: Strikes out swinging
|
| Top of the 4th over - 0 runs, 1 hit, 0 errors, 0 left on base; Eugene 0 - Los Angeles (NYP) 12 |
| BOTTOM OF THE 4TH |
|
Los Angeles (NYP) Dodgers batting - Pitching for Eugene Emeralds : RHP Jonathan Ridgely
|
|
Batting: LHB Robin More
|
0-0: SINGLE (Line Drive, 4MD, EV 101.2 MPH)
|
|
Batting: RHB Shinji Aizawa
|
0-0: Ball 1-0: Ball 2-0: Ball Wild Pitch! Robin More to second 3-0: Base on Balls
|
|
Batting: RHB Daniel Samano
|
0-0: Ball 1-0: Called Strike Balk! Robin More to third Shinji Aizawa to second 1-1: Ground out 1-3 (Groundball, 13S, EV 66.9 MPH)
|
|
Batting: LHB Jose Mojica
|
0-0: Ball 1-0: Ball 2-0: Ball 3-0: Called Strike 3-1: Foul Ball, location: 2F 3-2: Base on Balls
|
|
Batting: RHB Jonathan Underhill
|
0-0: SINGLE (Groundball, 6MD, EV 96.9 MPH) Robin More scores Shinji Aizawa to third Jose Mojica to second Runner from 3rd tries for Home, SAFE, throw by CF to home
|
|
Batting: RHB Nick Beggs
|
0-0: DOUBLE (Flyball, 8RXD, EV 105.0 MPH) Jose Mojica scores Jonathan Underhill to third
|
|
Batting: RHB Ruben Serrata
|
Balk! Jonathan Underhill scores Nick Beggs to third 0-0: Ball 1-0: Ball 2-0: Ball 3-0: Called Strike 3-1: Foul Ball, location: 2F 3-2: Base on Balls
|
|
Batting: SHB Justin Toth
|
0-0: SINGLE (Line Drive, 8RS, EV 90.0 MPH) Nick Beggs scores Ruben Serrata to second Runner from 2nd tries for 3rd, SAFE, throw by CF made to third
|
|
Batting: LHB Tony Morales
|
0-0: Ball 1-0: Ball 2-0: Called Strike 2-1: Swinging Strike 2-2: Ball 3-2: Base on Balls Justin Toth to second
|
|
Batting: LHB Robin More
|
0-0: Ball 1-0: Ball 2-0: Ball 3-0: Called Strike 3-1: Foul Ball, location: 2F 3-2: Foul Ball, location: 2F 3-2: Base on Balls Ruben Serrata scores Justin Toth to third Tony Morales to second
|
|
Batting: RHB Shinji Aizawa
|
0-0: Ball 1-0: Ball 2-0: Ball 3-0: Called Strike 3-1: Foul Ball, location: 2F 3-2: Base on Balls Justin Toth scores Tony Morales to third Robin More to second
|
|
Batting: RHB Daniel Samano
|
0-0: Fly out, F8 (Flyball, 8LD, EV 81.2 MPH) Runner from 3rd tags up, SCORES, throw by CF Robin More to third
|
|
Batting: LHB Jose Mojica
|
0-0: Ball Balk! Robin More scores Shinji Aizawa to second 1-0: Ball 2-0: Ball 3-0: Base on Balls
|
|
Batting: RHB Jonathan Underhill
|
0-0: SINGLE (Groundball, 4M, EV 105.6 MPH) (infield hit) Shinji Aizawa to third Jose Mojica to second
|
|
Batting: RHB Nick Beggs
|
0-0: Fly out, F8 (Flyball, 8LD, EV 91.9 MPH)
|
| Bottom of the 4th over - 9 runs, 5 hits, 0 errors, 3 left on base; Eugene 0 - Los Angeles (NYP) 21 |
| TOP OF THE 5TH |
|
Eugene Emeralds batting - Pitching for Los Angeles (NYP) Dodgers : LHP William Lobo
|
|
Batting: RHB Ryan Bush
|
0-0: Ball 1-0: Called Strike 1-1: Foul Ball, location: 2F 1-2: Ground out 3-1 (Groundball, 34, EV 95.6 MPH)
|
|
Batting: RHB Bill Holmes
|
0-0: Ball 1-0: Foul Ball, location: 2F 1-1: Ball 2-1: Swinging Strike 2-2: Ball 3-2: Foul Ball, location: 2F 3-2: Strikes out looking
|
|
Batting: RHB Tim Long
|
0-0: Ball 1-0: Foul Ball, location: 2F 1-1: Swinging Strike 1-2: Ball 2-2: Ball 3-2: Strikes out looking
|
| Top of the 5th over - 0 runs, 0 hits, 0 errors, 0 left on base; Eugene 0 - Los Angeles (NYP) 21 |
| BOTTOM OF THE 5TH |
|
Los Angeles (NYP) Dodgers batting - Pitching for Eugene Emeralds : RHP Jonathan Ridgely
|
|
Batting: RHB Ruben Serrata
|
0-0: Ball 1-0: Ball 2-0: Called Strike 2-1: Ball 3-1: Foul Ball, location: 2F 3-2: Strikes out looking
|
|
Batting: SHB Justin Toth
|
0-0: Foul Ball, location: 2F 0-1: Ball 1-1: Hit by Pitch
|
|
Batting: LHB Tony Morales
|
0-0: Foul Ball, location: 2F Balk! Justin Toth to second 0-1: SINGLE (Groundball, 4MD, EV 108.8 MPH) Justin Toth to third
|
|
Batting: LHB Robin More
|
0-0: Foul Ball, location: 2F 0-1: Grounds into double play, 4-6-3 (Groundball, 4, EV 103.1 MPH)
|
| Bottom of the 5th over - 0 runs, 1 hit, 0 errors, 1 left on base; Eugene 0 - Los Angeles (NYP) 21 |
| TOP OF THE 6TH |
|
Eugene Emeralds batting - Pitching for Los Angeles (NYP) Dodgers : LHP William Lobo
|
|
Batting: RHB Josh Asch
|
0-0: Ball 1-0: Ground out 6-3 (Groundball, 6, EV 82.5 MPH)
|
|
Batting: RHB Jerry Blas
|
0-0: Called Strike 0-1: Ground out 6-3 (Groundball, 6MS, EV 80.0 MPH)
|
|
Batting: RHB Alvaro Romero
|
0-0: Ball 1-0: SINGLE (Groundball, 4, EV 103.1 MPH)
|
|
Batting: RHB Du Kim
|
0-0: Ball 1-0: Ball 2-0: Ball Alvaro Romero is caught stealing 2nd base 2-4
|
| Top of the 6th over - 0 runs, 1 hit, 0 errors, 0 left on base; Eugene 0 - Los Angeles (NYP) 21 |
| BOTTOM OF THE 6TH |
|
Los Angeles (NYP) Dodgers batting - Pitching for Eugene Emeralds : RHP Jonathan Ridgely
|
|
Batting: RHB Shinji Aizawa
|
0-0: Called Strike 0-1: Foul Ball, location: 2F 0-2: Ball 1-2: Strikes out looking
|
|
Batting: RHB Daniel Samano
|
0-0: Fly out, F6 (Popup, 56, EV 63.1 MPH)
|
|
Batting: LHB Jose Mojica
|
0-0: SINGLE (Groundball, 34D, EV 101.2 MPH)
|
|
Batting: RHB Jonathan Underhill
|
Balk! Jose Mojica to second 0-0: TRIPLE (Line Drive, 89XD, EV 101.9 MPH) Jose Mojica scores
|
|
Batting: RHB Nick Beggs
|
0-0: Ball Wild Pitch! Jonathan Underhill scores 1-0: Swinging Strike 1-1: Ball 2-1: Called Strike 2-2: Ball 3-2: Foul Ball, location: 2F 3-2: Base on Balls
|
|
Batting: RHB Ruben Serrata
|
0-0: Fielders Choice at 2nd, 5-4 (Groundball, 5, EV 90.6 MPH)
|
| Bottom of the 6th over - 2 runs, 2 hits, 0 errors, 1 left on base; Eugene 0 - Los Angeles (NYP) 23 |
| TOP OF THE 7TH |
|
Eugene Emeralds batting - Pitching for Los Angeles (NYP) Dodgers : LHP William Lobo
|
|
Batting: RHB Du Kim
|
0-0: Ball 1-0: Ball 2-0: Called Strike 2-1: Ball 3-1: Foul Ball, location: 2F 3-2: Foul Ball, location: 2F 3-2: Foul Ball, location: 2F 3-2: Base on Balls
|
|
Batting: RHB Eric Wiss
|
0-0: Ball Du Kim steals 2nd base (no throw) 1-0: Foul Ball, location: 2F 1-1: Ball 2-1: Swinging Strike 2-2: Strikes out swinging
|
|
Batting: RHB Taylor Garofalo
|
0-0: Called Strike 0-1: Ball 1-1: SINGLE (Groundball, 6MD, EV 95.6 MPH) Du Kim to third
|
|
Batting: RHB Ryan Bush
|
0-0: Ball 1-0: Ball 2-0: Called Strike 2-1: 3-RUN HOME RUN (Flyball, 78XD, EV 110.0 MPH), Distance : 438 ft
|
|
Pitching: LHP Billy Kline
|
|
|
Batting: RHB Bill Holmes
|
0-0: Called Strike 0-1: Ball 1-1: Ground out 6-3 (Groundball, 6, EV 96.9 MPH)
|
|
Batting: RHB Tim Long
|
0-0: Swinging Strike 0-1: Ground out 1-6-3 (Groundball, 15S, EV 99.4 MPH)
|
| Top of the 7th over - 3 runs, 2 hits, 0 errors, 0 left on base; Eugene 3 - Los Angeles (NYP) 23 |
| BOTTOM OF THE 7TH |
|
Los Angeles (NYP) Dodgers batting - Pitching for Eugene Emeralds : RHP Jonathan Ridgely
|
|
Batting: SHB Justin Toth
|
0-0: Called Strike 0-1: Called Strike 0-2: Ball 1-2: Strikes out swinging
|
|
DELAY
|
Rain delay of 18 minutes in the 7th inning.
|
|
Batting: LHB Tony Morales
|
0-0: Foul Ball, location: 2F 0-1: Foul Ball, location: 2F 0-2: Ball 1-2: Ball 2-2: Ball 3-2: Foul Ball, location: 2F 3-2: Fly out, F9 (Flyball, 9, EV 96.2 MPH)
|
|
Batting: LHB Robin More
|
0-0: SOLO HOME RUN (Flyball, 89XD, EV 105.0 MPH), Distance : 422 ft
|
|
Batting: RHB Shinji Aizawa
|
0-0: Ball 1-0: Fly out, F9 (Line Drive, 89M, EV 93.1 MPH)
|
| Bottom of the 7th over - 1 run, 1 hit, 0 errors, 0 left on base; Eugene 3 - Los Angeles (NYP) 24 |
| TOP OF THE 8TH |
|
Eugene Emeralds batting - Pitching for Los Angeles (NYP) Dodgers : LHP Billy Kline
|
|
Batting: RHB Josh Asch
|
0-0: Called Strike 0-1: Called Strike 0-2: Strikes out swinging
|
|
Batting: RHB Jerry Blas
|
0-0: Ball 1-0: Ground out 4-3 (Groundball, 34, EV 82.5 MPH)
|
|
Batting: RHB Alvaro Romero
|
0-0: Called Strike 0-1: Ball 1-1: Reached on error, E5 (Groundball, 56, EV 103.8 MPH)
|
|
Batting: RHB Du Kim
|
0-0: DOUBLE (Popup, 3D, EV 66.9 MPH) Alvaro Romero to third
|
|
Batting: RHB Eric Wiss
|
0-0: Ball 1-0: Ball 2-0: Called Strike 2-1: Fly out, F7 (Line Drive, 7, EV 95.0 MPH)
|
| Top of the 8th over - 0 runs, 1 hit, 1 error, 2 left on base; Eugene 3 - Los Angeles (NYP) 24 |
| BOTTOM OF THE 8TH |
|
Los Angeles (NYP) Dodgers batting - Pitching for Eugene Emeralds : RHP Jonathan Ridgely
|
|
Batting: RHB Daniel Samano
|
0-0: Called Strike 0-1: Ball 1-1: Ball 2-1: Foul Ball, location: 2F 2-2: Ball 3-2: Foul Ball, location: 2F 3-2: Base on Balls
|
|
Batting: LHB Jose Mojica
|
0-0: Ball 1-0: Ball 2-0: Ball 3-0: Called Strike 3-1: Foul Ball, location: 2F 3-2: Foul Ball, location: 2F 3-2: Strikes out swinging
|
|
Batting: RHB Jonathan Underhill
|
Balk! Daniel Samano to second 0-0: Ball 1-0: SINGLE (Line Drive, 78S, EV 103.1 MPH) Daniel Samano to third Runner from 3rd tries for Home, SAFE, throw by LF to home
|
|
Batting: RHB Nick Beggs
|
0-0: Swinging Strike 0-1: Called Strike 0-2: Strikes out swinging
|
|
Batting: RHB Ruben Serrata
|
0-0: DOUBLE (Flyball, 9LD, EV 100.6 MPH) Jonathan Underhill to third Runner from 3rd tries for Home, SAFE, no throw by RF
|
|
Batting: SHB Justin Toth
|
0-0: TRIPLE (Line Drive, 89XD, EV 109.4 MPH) Ruben Serrata scores
|
|
Batting: LHB Tony Morales
|
0-0: Ball 1-0: Ball 2-0: Ball Balk! Justin Toth scores 3-0: Base on Balls
|
|
Batting: LHB Robin More
|
0-0: Ball 1-0: Ball 2-0: Ball 3-0: Called Strike 3-1: Base on Balls Tony Morales to second
|
|
Batting: RHB Shinji Aizawa
|
0-0: Called Strike 0-1: Ball 1-1: Swinging Strike 1-2: Foul Ball, location: 2F 1-2: Ball 2-2: Strikes out swinging
|
| Bottom of the 8th over - 4 runs, 3 hits, 0 errors, 2 left on base; Eugene 3 - Los Angeles (NYP) 28 |
| TOP OF THE 9TH |
|
Eugene Emeralds batting - Pitching for Los Angeles (NYP) Dodgers : LHP Billy Kline
|
|
Batting: RHB Taylor Garofalo
|
0-0: Foul Ball, location: 2F 0-1: SINGLE (Groundball, 6MD, EV 106.2 MPH)
|
|
Batting: RHB Ryan Bush
|
0-0: Ball 1-0: Called Strike 1-1: Ball 2-1: Swinging Strike Passed Ball! Taylor Garofalo to second 2-2: Ball 3-2: Strikes out swinging
|
|
Batting: RHB Bill Holmes
|
0-0: Ball 1-0: Ball 2-0: Ground out 6-3 (Groundball, 6, EV 110.6 MPH)
|
|
Batting: RHB Tim Long
|
0-0: Ball 1-0: Called Strike 1-1: Foul Ball, location: 2F 1-2: Ball 2-2: Fly out, F7 (Flyball, 7S, EV 81.9 MPH)
|
| Top of the 9th over - 0 runs, 1 hit, 0 errors, 1 left on base; Eugene 3 - Los Angeles (NYP) 28 |
|